 Dungeon Crawl Stone Soup version 0.25-a0-591-g2ad0d861f1 (webtiles) character file.

Game seed: 4969349331986652303, levelgen mode: deterministic

9 Esekla the Charlatan (level 2, 0/14 HPs)
             Began as a Spriggan Artificer on Mar 13, 2020.
             Killed from afar by a dart slug (7 damage)
             ... with a slug dart
             ... on level 2 of the Dungeon.
             The game lasted 00:02:23 (451 turns).

Esekla the Charlatan (Spriggan Artificer)            Turns: 451, Time: 00:02:24

Health: 0/14       AC:  2    Str:  8    XL:     2   Next: 3%
Magic:  6/6        EV: 19    Int: 12    God:
Gold:   48         SH:  0    Dex: 16    Spells: 3/3 levels left

rFire    . . .     SeeInvis +   a - +0 short sword
rCold    . . .     Gourm    .   (shield restricted)
rNeg     . . .     Faith    .   b - +0 robe
rPois    .         Spirit   .   (helmet restricted)
rElec    .         Reflect  .   (no cloak)
rCorr    .         Harm     .   (gloves unavailable)
MR       .....                  (boots unavailable)
Stlth    ++........             (no amulet)
HPRegen  0.04/turn              (no ring)
MPRegen  0.10/turn              (no ring)

@: very quick
A: very small, unfitting armour, see invisible, herbivore, speed 3, slow
metabolism 2
a: no special abilities


You were on level 2 of the Dungeon.
You were not hungry.

You visited 1 branch of the dungeon, and saw 2 of its levels.

You collected 48 gold pieces.

Inventory:

Hand Weapons
 a - a +0 short sword (weapon)
Missiles
 j - 7 atropa-tipped darts (quivered)
Armour
 b - a +0 robe (worn)
 g - a +0 leather armour
Wands
 c - a wand of flame (15)
 d - a wand of enslavement (15)
 e - a wand of random effects (15)
Scrolls
 h - a scroll of noise {unknown}
 k - a scroll of remove curse {unknown}
Potions
 i - a potion of degeneration {unknown}
 l - 2 potions of flight {unknown}
Comestibles
 f - 3 rations


   Skills:
 - Level 0.7 Fighting
 * Level 1.1 Short Blades
 + Level 3.5 Dodging
 + Level 1.5 Stealth
 * Level 1.4 Spellcasting
 - Level 4.0 Evocations


You had 3 spell levels left.
You didn't know any spells.
Your spell library was empty.

Dungeon Overview and Level Annotations

Branches:
Dungeon (2/15)

Altars:
Yredelemnul


Innate Abilities, Weirdness & Mutations

You are very small and have problems with some larger weapons.
You are too small for most types of armour.
You have supernaturally acute eyesight. (SInv)
You are a herbivore.
You cover ground extremely quickly.
You need to consume almost no food.


Message History

The dart slug is lightly wounded.
The dart slug bites you but does no damage.
You hit the dart slug but do no damage.
The dart slug is lightly wounded.
The goblin shoots a stone.
The stone completely misses you.
You completely miss the dart slug.
The dart slug is lightly wounded.
The goblin shoots a stone.
The stone barely misses you. The dart slug launches a dart at you.
The slug dart misses you.
You hit the dart slug.
The dart slug is moderately wounded.
The dart slug launches a dart at you. The slug dart misses you.
You hit the dart slug but do no damage.
The dart slug is moderately wounded.
The dart slug launches a dart at you. The slug dart hits you!
Ouch! That really hurt!
You die...

#.#.# ##
#g#!# #.#.#
#.#.# #.#.#
#.#.# #.#
#.#.#
#....###.#w##
.........(@.#
##...###.##.#
## #.# .# #.#
.# #.# .# ...
.. #.. .. ###
##


You could see a dart slug.

Vanquished Creatures
  3 bats
  3 goblins
  A hobgoblin (D:2)
7 creatures vanquished.

Notes
Turn   | Place    | Note
-------+----------+-------------------------------------------
     0 | D:1      | Esekla the Spriggan Artificer began the quest for the Orb.
     0 | D:1      | Reached XP level 1. HP: 9/9 MP: 4/4
   291 | D:2      | Reached skill level 1 in Spellcasting
   377 | D:2      | Reached XP level 2. HP: 10/14 MP: 6/6
   420 | D:2      | Found a basalt altar of Yredelemnul.
   451 | D:2      | Killed from afar by a dart slug

Levels and vault maps discovered:
D:1:      lemuel_arrival_room, layout_loops_corners, minmay_pentomino_w4
D:2:      layout_loops_ring, lemuel_crystal_altar, yredelemnul_altar_generic,
          first_ration

Skill      XL: |  1 |
---------------+----+-----
Spellcasting   | 1 |  1.4
Fighting       | |  0.7
Short Blades   | |  1.1
Dodging        | |  3.5
Stealth        | |  1.5
Evocations     | |  4.0

Action                   || total
-------------------------++-------
Melee: Short sword       ||    28
Armor: Robe              ||     5
Dodge: Dodged            ||    34

Table legend:
 A = Non-vault XP
 B = Vault XP
 C = Vault XP percentage of total XP
 D = Non-vault monster count
 E = Vault monster count
 F = Vault count percentage of total count
                 A         B        C        D         E       F
            +---------+---------+-------+---------+---------+-------
      Total |      13 |       0 |   0.0 |       7 |       0 |   0.0
            +---------+---------+-------+---------+---------+-------
        D:1 |       6 |       0 |   0.0 |       3 |       0 |   0.0
        D:2 |       7 |       0 |   0.0 |       4 |       0 |   0.0
            +---------+---------+-------+---------+---------+-------
